 Dungeon Crawl Stone Soup version 0.29-a0-234-g0dae59b3db (webtiles) character file.

Game seed: 14209406914403032022

17345 jlumianski the Spear-Bearer (level 12, -9/92 HPs)
             Began as a Demonspawn Gladiator on Mar 3, 2022.
             Was an Elder of Qazlal.
             Mangled by an orc knight
             ... wielding a +0 halberd
              (18 damage)
             ... on level 2 of the Orcish Mines.
             The game lasted 01:05:30 (16847 turns).

jlumianski the Spear-Bearer (Demonspawn Gladiator) Turns: 16847, Time: 01:05:30

Health: -9/92      AC: 22    Str: 18    XL:     12   Next: 18%
Magic:  17/17      EV: 12    Int: 12    God:    Qazlal [****..]
Gold:   207        SH: 14    Dex: 17    Spells: 11/11 levels left

rFire   . . .      SeeInvis .   f - +8 broad axe of Dismay {venom, *Noise rPois Int+3}
rCold   . . .      Faith    .   (no shield)
rNeg    + . .      Spirit   .   A - +3 scale mail {rN+}
rPois   +          Reflect  +   c - +2 helmet
rElec   .          Harm     .   B - +0 cloak
rCorr   .          Rampage  .   (no gloves)
Will    +....                   q - +0 pair of boots
Stlth   +.........              n - amulet of reflection
HPRegen 0.25/turn               E - ring of willpower
MPRegen 0.15/turn               g - ring of flight

@: mighty, sanguine armoured, flying, repel missiles
A: powered by pain 3, sanguine armour 1, condensation shield, demonic touch 1
a: Renounce Religion, Upheaval, Elemental Force


You were on level 2 of the Orcish Mines.
You worshipped Qazlal.
Qazlal was greatly pleased with you.
You visited 4 branches of the dungeon, and saw 15 of its levels.

You collected 1087 gold pieces.
You spent 880 gold pieces at shops.

Inventory:

Hand Weapons
 b - a +5 spear of flaming
 f - the +8 broad axe of Dismay (weapon) {venom, *Noise rPois Int+3}
   (You bought it in a shop on level 5 of the Dungeon)

   It poisons the flesh of those it strikes.
   Int:       It affects your intelligence (+3).
   rPois:     It protects you from poison.
   *Noise:    It may make noises in combat.
 i - a +0 war axe of flaming
 v - a +5 spear
 L - a +5 battleaxe
Missiles
 d - 4 throwing nets
 j - 14 poisoned darts
 I - 8 boomerangs (quivered)
 T - 3 javelins
Armour
 c - a +2 helmet (worn)
 q - a +0 pair of boots (worn)
 A - a +3 scale mail of positive energy (worn)
 B - a +0 cloak (worn)
Magical Staves
 a - a staff of conjuration
Jewellery
 g - a ring of flight (right hand)
 n - an amulet of reflection (around neck)
 E - a ring of willpower (left hand)
 M - a ring of poison resistance
Wands
 s - a wand of charming (4)
 x - a wand of flame (24)
Scrolls
 k - 8 scrolls of teleportation
 m - 2 scrolls of fear
 Y - a scroll of magic mapping
Potions
 e - 5 potions of heal wounds
 h - 2 potions of flight {unknown}
 o - 2 potions of resistance
 r - 3 potions of lignification
 u - 2 potions of curing
 C - 2 potions of magic
 D - a potion of attraction
 G - a potion of cancellation
 K - a potion of invisibility
 R - a potion of might {unknown}


   Skills:
 * Level 8.0 Fighting
 + Level 7.4(9.3) Axes
 + Level 8.7(9.9) Polearms
 + Level 2.8 Throwing
 + Level 6.5 Armour
 + Level 4.9 Dodging
 + Level 2.3 Stealth
 + Level 6.0 Shields
 * Level 7.4 Invocations
 * Level 6.2 Evocations


You had 11 spell levels left.
You didn't know any spells.
Your spell library contained the following spells:

 Spells                   Type           Power      Damage    Failure   Level
 Animate Skeleton         Necr           0%         N/A       67%         1
 Apportation              Tloc           0%         N/A       67%         1
 Sandblast                Erth           0%         2d4       67%         1
 Summon Small Mammal      Summ           0%         N/A       67%         1
 Passwall                 Tmut/Erth      0%         N/A       80%         2
 Dazzling Flash           Conj/Hex       0%         N/A       95%         3
 Gell's Gravitas          Tloc           0%         N/A       95%         3
 Ignite Poison            Fire/Tmut/Pois 0%         N/A       95%         3
 Lesser Beckoning         Tloc           0%         N/A       95%         3
 Mephitic Cloud           Conj/Pois/Air  0%         N/A       95%         3
 Stone Arrow              Conj/Erth      0%         3d7       95%         3
 Teleport Other           Tloc           0%         N/A       95%         3
 Tukima's Dance           Hex            0%         N/A       95%         3
 Anguish                  Hex/Necr       0%         N/A       100%        4
 Fulminant Prism          Conj/Hex       0%         3d6       100%        4
 Summon Ice Beast         Ice/Summ       0%         N/A       100%        4
 Alistair's Intoxication  Tmut/Pois      0%         N/A       100%        5
 Borgnjor's Vile Clutch   Necr/Erth      0%         N/A       100%        5
 Freezing Cloud           Conj/Ice/Air   0%         6-21      100%        5
 Metabolic Englaciation   Hex/Ice        0%         N/A       100%        5
 Summon Mana Viper        Hex/Summ       0%         N/A       100%        5
 Eringya's Noxious Bog    Tmut/Pois      0%         N/A       100%        6
 Enfeeble                 Hex            0%         N/A       100%        7
 Monstrous Menagerie      Summ           0%         N/A       100%        7


Dungeon Overview and Level Annotations

Branches:
Dungeon (11/15)            Temple (1/1) D:6            Lair (1/6) D:8
    Orc (2/2) D:11
    Elf: Orc:2

Altars:
Ashenzari
Cheibriados
Fedhas
Gozag
Hepliaklqana
Kikubaaqudgha
Nemelex Xobeh
Qazlal
Ru
Sif Muna
Trog
Wu Jian
Xom
Zin
The Shining One
Beogh

Shops:
D:5 *(*[   D:9 *   D:11 :   Orc:2 ?:

Annotations:
D:11 1 runed translucent door


Innate Abilities, Weirdness & Mutations

You are powered by pain.
When seriously injured, your blood forms armour. (AC +6)
A meltable shield of frost defends you. (SH +4)
Your touch may inflict minor irresistible damage on your foes.


Message History

There is a roughly hewn altar of Beogh here.
You barely miss the orc sorcerer. You block the orc sorcerer's attack.
The orc knight hits you from afar with a +0 halberd!!
You slash the orc sorcerer!
The orc sorcerer is poisoned.
The orc sorcerer is moderately wounded.
The orc knight barely misses you.
The orc sorcerer hits you but does no damage.
You hit the orc sorcerer.
The orc sorcerer looks as sick as possible!
Your touch misses the orc sorcerer.
The orc sorcerer is heavily wounded.
You block the orc knight's attack. You block the orc sorcerer's attack.
You slash the orc sorcerer!
You kill the orc sorcerer!
Qazlal accepts your kill. You block the orc knight's attack.
Your Shields skill increases to level 6!
The orc knight roars a battlecry!
The orc warrior goes into a battle-frenzy!
There is a roughly hewn altar of Beogh, spattered with blood here.
You hit the orc knight.
The orc knight is lightly wounded.
The orc knight hits you with a +0 halberd!
You focus on the pain.
You feel very mighty all of a sudden.
Your blood congeals into armour.
You hit the orc knight.
The orc knight is poisoned.
You touch the orc knight.
The orc knight is moderately wounded.
The orc knight hits you with a +0 halberd!
The two-headed ogre is engulfed in blazing flames.
The two-headed ogre hits you with a +0 giant spiked club!!
* * * LOW HITPOINT WARNING * * *
The two-headed ogre hits you with a +0 giant club!!
* * * LOW HITPOINT WARNING * * *
Okay, then.
Unknown command.
Press < or > to pray at altars.
Okay, then.
The orc knight hits you from afar with a +0 halberd!!
You die...

.###...[.....).#.#...#
###......###'###.#####
#.[..)...#.....#.#...#
[[.....).#.....#.'...#
.[.......#..⌠..'.#..∩#
....<....#.....#.#####
...).....#.....#.....#
........########+###.#
##......# #..@..#.#
####....# #.)_°○'.#
####.# #.ooO.#.#
.#######○###.#
###.O....# ..#
#'###### ### #.# #o#


.oO You could see an orc knight (very poisoned), a two-headed ogre and an orc
warrior (strong).

Vanquished Creatures
  Snorg (Orc:1)
  7 two-headed ogres
  An orc high priest (Orc:2)
  3 orc knights
  An orc sorcerer (Orc:2)
  A cyclops (Orc:1)
  A kobold demonologist (D:11)
  Grinder (D:5)
  4 trolls
  A hornet (D:11)
  A shadow (D:10)
  A vampire (D:10)
  A wyvern (D:10)
  3 yaks (D:11)
  2 steam dragons
  Edmund (Temple)
  3 wargs
  An acid dragon (D:10)
  4 water moccasins
  2 ice beasts
  3 sky beasts
  14 orc warriors
  9 ogres
  7 centaurs
  2 kobold brigands
  2 scorpions
  2 gnoll sergeants (D:10)
  19 wights
  5 killer bees (D:8)
  A howler monkey (D:4)
  2 hounds (D:6)
  13 orc priests
  Ijyb (D:3)
  Natasha (thrice) (D:2)
  Terence (D:3)
  20 orc wizards
  4 iguanas
  Robin (D:3)
  19 gnolls
  9 adders
  2 shadow imps (D:6)
  A white imp (D:5)
  An ufetubus (D:5)
  2 worms (D:2)
  2 dart slugs
  85 orcs
  6 endoplasms
  A giant cockroach (D:3)
  20 goblins
  11 hobgoblins
  15 kobolds
  3 ball pythons
  4 bats
  5 frilled lizards
  4 rats
  A bush (D:5)
340 creatures vanquished.

Vanquished Creatures (others)
  An orc wizard (D:6)
  A fungus (D:1)
2 creatures vanquished.

Grand Total: 342 creatures vanquished

Notes
Turn   | Place    | Note
-------+----------+-------------------------------------------
     0 | D:1      | jlumianski the Demonspawn Gladiator began the quest for the
                  | Orb.
     0 | D:1      | Reached XP level 1. HP: 16/16 MP: 1/1
   538 | D:1      | Gained mutation: You sometimes gain a little power by
                  | taking damage. [demonic ancestry]
   538 | D:1      | Reached XP level 2. HP: 20/22 MP: 2/2
   734 | D:1      | Got the Compendium of the Quahog
  1314 | D:2      | Noticed Natasha
  1322 | D:2      | Killed Natasha
  1323 | D:2      | Gained mutation: When seriously injured, your blood forms
                  | armour. (AC +6) [demonic ancestry]
  1323 | D:2      | Reached XP level 3. HP: 12/27 MP: 3/3
  1516 | D:2      | Reached skill level 1 in Armour
  1928 | D:2      | Noticed Natasha
  1938 | D:2      | Killed Natasha
  1939 | D:2      | Gained mutation: Your touch may inflict minor irresistible
                  | damage on your foes. [demonic ancestry]
  1939 | D:2      | Reached XP level 4. HP: 18/33 MP: 4/4
  2232 | D:2      | Found an ornate altar of the Wu Jian Council.
  2668 | D:2      | Noticed Natasha
  2677 | D:2      | Killed Natasha
  2983 | D:3      | You fall into a shaft and drop 1 floor!
  3088 | D:3      | Gained mutation: A meltable shield of frost defends you.
                  | (SH +4) [demonic ancestry]
  3088 | D:3      | Reached XP level 5. HP: 22/39 MP: 5/5
  3483 | D:3      | Found a faded altar of an unknown god.
  3575 | D:3      | Noticed Ijyb
  3595 | D:3      | Killed Ijyb
  3726 | D:3      | Noticed Terence
  3740 | D:3      | Killed Terence
  3741 | D:3      | Reached skill level 1 in Polearms
  3816 | D:3      | Reached XP level 6. HP: 43/46 MP: 6/6
  3821 | D:3      | Reached skill level 1 in Stealth
  4327 | D:4      | Found a bloodstained altar of Trog.
  4513 | D:4      | Found an ancient bone altar of Kikubaaqudgha.
  4513 | D:4      | Found a broken altar of Ashenzari.
  4526 | D:4      | Noticed Robin
  4758 | D:3      | Killed Robin
  5019 | D:4      | Identified the +0 robe of the Orb Guardian {rC++}
  5263 | D:4      | Reached skill level 1 in Shields
  5608 | D:5      | Entered Level 5 of the Dungeon
  5608 | D:5      | Found Ketiq's General Store.
  5629 | D:5      | Bought a scroll of enchant armour for 112 gold pieces
  5722 | D:5      | Noticed Grinder
  5723 | D:5      | Found Maazyir's General Store.
  5741 | D:5      | Killed Grinder
  5742 | D:5      | Reached XP level 7. HP: 38/52 MP: 7/7
  5757 | D:5      | Bought a +0 pair of boots for 63 gold pieces
  6032 | D:5      | Found a stormy altar of Qazlal.
  6048 | D:5      | Found a blossoming altar of Fedhas.
  6080 | D:5      | Became a worshipper of Qazlal Stormbringer
  6273 | D:5      | Found Mieg's Armour Shop.
  6334 | D:5      | Reached XP level 8. HP: 58/58 MP: 8/8
  6545 | D:5      | Found Ticorph's Weapon Shop.
  6661 | D:5      | Found a sacrificial altar of Ru.
  6948 | D:6      | Reached skill level 5 in Polearms
  7266 | D:6      | Found a staircase to the Ecumenical Temple.
  7274 | Temple   | Entered the Ecumenical Temple
  7277 | Temple   | Reached * piety under Qazlal
  7561 | D:6      | Noticed Edmund
  7640 | Temple   | Killed Edmund
  8252 | D:7      | Found an ornate altar of the Wu Jian Council.
  8326 | D:7      | Reached XP level 9. HP: 48/65 MP: 9/9
  9343 | D:7      | Reached skill level 5 in Fighting
  9732 | D:8      | Found a staircase to the Lair.
  9816 | Lair:1   | Entered Level 1 of the Lair of Beasts
  9871 | D:8      | Reached ** piety under Qazlal
  9950 | D:8      | Identified the +0 leather armour "Igaebbak" {rPois Int+4
                  | Dex+3 SInv}
  9952 | D:8      | Found a snail-covered altar of Cheibriados.
 10029 | D:8      | Found a shimmering blue altar of Sif Muna.
 10157 | D:8      | Reached skill level 5 in Armour
 10172 | D:8      | Reached skill level 1 in Evocations
 10184 | D:8      | Reached skill level 1 in Invocations
 10417 | D:9      | Noticed a two-headed ogre
 10426 | D:9      | Killed a two-headed ogre
 10427 | D:9      | Gained mutation: You sometimes gain power by taking damage.
                  | [demonic ancestry]
 10427 | D:9      | Reached XP level 10. HP: 74/74 MP: 9/11
 10787 | D:9      | Noticed a two-headed ogre
 10800 | D:9      | Killed a two-headed ogre
 11060 | D:9      | Found Uryt's Serpentskin Sales.
 11841 | D:10     | Entered Level 10 of the Dungeon
 12045 | D:10     | Found a shimmering altar of Xom.
 12422 | D:9      | Reached skill level 5 in Shields
 13399 | D:11     | Found a staircase to the Orcish Mines.
 13416 | D:11     | Reached XP level 11. HP: 53/83 MP: 14/14
 13426 | Orc:1    | Entered Level 1 of the Orcish Mines
 13764 | Orc:1    | Reached *** piety under Qazlal
 13821 | Orc:1    | Noticed an orc knight
 13861 | D:11     | Killed an orc knight
 13862 | D:11     | Reached skill level 5 in Axes
 13862 | D:11     | Reached skill level 5 in Invocations
 14407 | D:11     | Noticed a two-headed ogre
 14509 | D:5      | Bought the +8 broad axe of Dismay {venom, *Noise rPois
                  | Int+3} for 705 gold pieces
 14635 | D:11     | Killed a two-headed ogre
 14636 | D:11     | Reached skill level 5 in Evocations
 14955 | D:11     | Noticed an orc knight
 14956 | D:11     | Noticed a seven-headed hydra
 14969 | D:11     | Noticed a two-headed ogre
 14978 | D:11     | Killed a two-headed ogre
 14979 | D:11     | Found a runed translucent door.
 14981 | D:11     | Noticed a two-headed ogre
 14984 | D:11     | Noticed a two-headed ogre
 14985 | D:11     | Identified the +0 robe of Decompression {Harm}
 14985 | D:11     | Noticed a rakshasa
 14985 | D:11     | Identified the +3 shortbow of Bile {freeze, rElec rF++
                  | Dex-3 SInv}
 14985 | D:11     | Noticed a centaur warrior
 14986 | D:11     | Noticed a phantasmal warrior
 14992 | D:11     | Killed a two-headed ogre
 15208 | D:11     | Identified the ring "Kevvi" {MP+9 Dex+7}
 15208 | D:11     | Noticed an orc knight
 15212 | D:11     | Paralysed by a hornet for 3 turns
 15449 | D:11     | Found Joqokler's Book Shoppe.
 15605 | Orc:2    | Entered Level 2 of the Orcish Mines
 15607 | Orc:2    | Noticed a two-headed ogre
 15608 | Orc:2    | Noticed a two-headed ogre
 15617 | Orc:1    | Killed a two-headed ogre
 15739 | Orc:2    | Killed a two-headed ogre
 16059 | Orc:2    | Reached **** piety under Qazlal
 16202 | Orc:2    | Noticed Snorg
 16324 | Orc:1    | Killed Snorg
 16387 | Orc:2    | Noticed an orc high priest
 16394 | Orc:2    | Killed an orc high priest
 16394 | Orc:2    | Noticed an orc knight
 16395 | Orc:2    | Gained mutation: You are powered by pain. [demonic
                  | ancestry]
 16395 | Orc:2    | Reached XP level 12. HP: 92/92 MP: 17/17
 16739 | Orc:2    | Found Jigeow's Magic Scroll Shop.
 16786 | Orc:2    | Found Ikeomucieg's Book Boutique.
 16828 | Orc:2    | Noticed a two-headed ogre
 16847 | Orc:2    | Mangled by an orc knight

Illustrated notes

Levels and vault maps discovered:
D:1:      dpeg_cavernosity, layout_loops_ring
D:2:      layout_loops_corners, basic_altar, uniq_natasha
D:3:      layout_basic, lemuel_doored_altar,
          hellmonk_ecumenical_altar_crossroads, uniq_ijyb, uniq_terence
D:4:      layout_gridville, bloody_trog, gammafunk_temple_overflow_elements,
          st_stairs_7, kennysheep_cross_room, abandoned_shop, uniq_robin
D:5:      layout_rooms, grunt_temple_overflow_forces_of_nature,
          nicolae_ru_path_of_blood, serial_shops, nicolae_shop_crystal, shop,
          nicolae_stop_n_shop_2, nicolae_stop_n_shop_1,
          kb_lookout_dungeons_type, uniq_grinder
D:6:      layout_basic, minmay_temple_entry_junction, nicolae_sextant,
          minmay_ogre_servants, uniq_edmund
D:7:      layout_gridville, nicolae_wu_jian_immortal_techniques
D:8:      layout_rooms, mainiacjoe_overflow_paths, mainiacjoe_overflow_24_doors,
          lair_entry_dummy, hex_medium
D:9:      layout_irregular_city, zin_scriptorium, guppyfry_shop_venom
D:10:     layout_roguey, lemuel_tele_altar
D:11:     layout_cave_pools, orc_0_dummy, serial_shops, kennysheep_mini,
          minmay_st_funbox, grunt_ministairs_14
Temple:   zaba_magenta_temple
Lair:1:   layout_loops_ring, lemuel_centaur_altar, lemuel_fruit_fields,
          grunt_megastairs_4, infiniplex_staircase_pool
Orc:1:    layout_caves
Orc:2:    pubby_orc_utopia, uniq_snorg

Skill      XL: |  1  2  3  4  5  6  7  8  9 10 11 12 |
---------------+-------------------------------------+-----
Axes           | 3 4 7 |  7.4
Dodging        | 3 4 |  4.9
Armour         | 1 2 3 4 5 6 |  6.5
Polearms       | 1 3 4 6 7 8 |  8.7
Stealth        | 1 2 |  2.3
Shields        | 1 2 3 4 5 6 |  6.0
Fighting       | 3 4 5 6 7 8 |  8.0
Throwing       | 2 |  2.8
Evocations     | 2 4 6 |  6.2
Invocations    | 2 4 7 |  7.4

Action                   |  1- 3 |  4- 6 |  7- 9 | 10-12 || total
-------------------------+-------+-------+-------+-------++-------
Melee: War axe           |    91 |    33 |       |       ||   124
       Punch             |     1 |       |     6 |     4 ||    11
       Touch             |       |    26 |    78 |    63 ||   167
       Spear             |       |   156 |   436 |   226 ||   818
       Battleaxe         |       |       |       |    92 ||    92
       Broad axe         |       |       |       |   144 ||   144
Throw: Throwing net      |       |     1 |       |       ||     1
       Dart              |       |       |     7 |    15 ||    22
Invok: Upheaval          |       |       |       |     1 ||     1
       Elemental Force   |       |       |       |     1 ||     1
  Use: Scroll            |       |    11 |     9 |       ||    20
       Potion            |       |     1 |     3 |     1 ||     5
 Stab: Sleeping          |       |     1 |       |       ||     1
       Held in net/web   |       |     1 |       |       ||     1
Armor: Leather armour    |    35 |     3 |       |       ||    38
       Ring mail         |       |     4 |       |       ||     4
       Scale mail        |       |    46 |   107 |   161 ||   314
Dodge: Dodged            |    65 |    69 |   114 |   189 ||   437
Block: Other             |     2 |    67 |   140 |   315 ||   524
       Reflection        |       |     1 |    13 |    11 ||    25

Table legend: (Time is in decaauts)
 A = Elapsed time spent in this place.
 B = Non-inter-level travel time spent in this place.
 C = Inter-level travel time spent in this place.
 D = Time resting spent in this place.
 E = Time spent auto-exploring this place.
 F = Levels seen in this place.
 G = Mean time per level.
                   A        B        C        D        E       F      G
               +--------+--------+--------+--------+--------+-----+--------+
         Total |  16813 |  16009 |    804 |   2634 |   9346 |  15 | 1120.9 |
       Dungeon |  14697 |  13938 |    759 |   1900 |   8746 |  11 | 1336.1 |
        Temple |    315 |    315 |      0 |    239 |      6 |   1 |  315.0 |
          Lair |     37 |     34 |      3 |      0 |      0 |   1 |   37.0 |
  Orcish Mines |   1763 |   1722 |     41 |    495 |    594 |   2 |  881.5 |
               +--------+--------+--------+--------+--------+-----+--------+

Top non-repeatable levels by time:
     D:2: 2054 daAuts
     D:9: 1726 daAuts
    D:11: 1437 daAuts
     D:7: 1413 daAuts
     D:1: 1315 daAuts
     D:6: 1252 daAuts
     D:3: 1243 daAuts
     D:5: 1176 daAuts
     D:4: 1056 daAuts
     D:8: 1047 daAuts
   Orc:1: 1014 daAuts
    D:10: 974 daAuts
   Orc:2: 748 daAuts
  Temple: 315 daAuts
  Lair:1: 37 daAuts
